Map: Ruins of Seras

Players

Burt - Winner!

  • Race: Terran Terran
  • League: Platinum

CakeFart

  • Race: Protoss Protoss
  • League: Diamond

VOD

Have the link to the VOD?

Description

Time

  • Played on: Dec. 8, 2015, 8:30 p.m.
  • Length: 10:17
Show
View Real Time Build Order
Export as new Build Order

Burt Terran - Winner!

Build Orders: Banshee Rush 

Get SALT Encoding   

  12  0:01  SCV  
  13  0:13  SCV  
  14  0:19  Supply Depot  
  14  0:25  SCV  
  15  0:40  SCV  
  15  0:41  Barracks  
  16  0:47  Refinery  
  16  0:52  SCV  
  17  1:04  SCV  
  18  1:16  SCV  
  19  1:29  Orbital Command  
  19  1:30  Marine  
  20  1:34  Supply Depot  
  20  1:38  Refinery  
  20  1:48  Marine  
  21  1:57  Factory  
  21  2:02  SCV  
  21  2:07  Marine  
  23  2:14  SCV  
  24  2:26  SCV  
  25  2:36  Barracks Tech Lab  
  25  2:38  SCV  
  26  2:44  Starport  
  26  2:47  Factory Reactor  
  26  2:50  SCV  
  27  2:54  Supply Depot  
  27  3:02  SCV  
  28  3:15  SCV, Engineering Bay  
  29  3:28  SCV  
  29  3:30  Marine x2  
  29  3:32  Widow Mine  
  34  3:34  Banshee  
  34  3:36  Cloaking Field  
  34  3:40  SCV  
  38  3:43  Supply Depot  
  38  3:44  Missile Turret  
  38  3:48  Marine  
  39  4:04  SCV, Marine  
  39  4:05  Supply Depot  
  41  4:15  Barracks  
  41  4:17  Factory Tech Lab  
  41  4:18  Banshee  
  41  4:20  Barracks  
  41  4:22  SCV  
  41  4:24  Marine  
  45  4:28  Supply Depot  
  46  4:31  Marine  
  46  4:34  SCV  
  48  4:42  Marine  
  49  4:49  Marine  
  49  4:50  Liberator  
  49  4:51  Siege Tank  
  53  4:59  Marine  
  54  5:07  Marine  
  58  5:17  Marine  
  59  5:25  Marine  
  59  5:28  SCV  
  58  5:31  Marine x2  
  58  5:32  Siege Tank  
  63  5:40  Supply Depot  
  63  5:42  Marine  
  63  5:43  Marine  
  63  5:46  Terran Infantry Weapons Level 1  
  63  5:49  Medivac, Marine  
  68  6:01  Marine  
  68  6:02  Marine x2  
  68  6:09  Supply Depot  
  68  6:10  Marine  
  69  6:19  Medivac  
  69  6:21  Marine  
  69  6:22  Marine x2  
  73  6:26  SCV  
  74  6:38  SCV  
  66  6:50  SCV  
  64  7:16  Marine x3  
  64  7:17  Marine  
  64  7:18  Banshee, Siege Tank  
  74  7:29  Missile Turret  
  74  7:34  Marine  
  75  7:39  Marine x3  
  78  7:52  Marine  
  78  7:54  Missile Turret  
  78  7:57  Marine x3  
  82  8:10  Marine  
  83  8:14  Marine  
  83  8:15  Marine x2  
  71  8:27  Marine  
  71  8:32  Marine x2  
  71  8:33  Marine  
  74  9:01  Marine x4  
  74  9:02  Siege Tank  
  81  9:03  Banshee, SCV  
  81  9:15  SCV  
  77  9:18  Marine  
  77  9:28  SCV  
  77  9:30  Marine x3  
  81  9:36  Marine  
  82  9:48  Marine x3  
  82  9:57  Marine  
Show
View Real Time Build Order
Export as new Build Order

CakeFart Protoss 

Build Orders: Oracle Opening 

Get SALT Encoding   

  12  0:02  Probe (Chrono Boost)  
  13  0:12  Probe (Chrono Boost)  
  14  0:23  Probe (Chrono Boost), Pylon  
  15  0:41  Probe (Chrono Boost)  
  16  0:47  Gateway  
  16  0:52  Probe (Chrono Boost)  
  17  1:02  Probe (Chrono Boost)  
  18  1:07  Assimilator  
  18  1:11  Gateway  
  18  1:13  Probe (Chrono Boost)  
  19  1:22  Pylon  
  19  1:25  Assimilator  
  19  1:26  Probe (Chrono Boost)  
  20  1:36  Probe (Chrono Boost)  
  20  1:37  Cybernetics Core  
  22  1:47  Probe (Chrono Boost)  
  22  1:57  Probe (Chrono Boost)  
  23  2:13  Stargate  
  23  2:18  Adept x2  
  23  2:21  Probe (Chrono Boost)  
  28  2:32  Probe (Chrono Boost)  
  29  2:41  Nexus  
  29  2:48  Pylon  
  29  2:54  Warp Gate  
  29  3:03  Probe (Chrono Boost)  
  30  3:06  Oracle  
  33  3:13  Pylon  
  33  3:14  Probe (Chrono Boost)  
  34  3:24  Adept  
  34  3:25  Mothership Core (Chrono Boost)  
  38  3:31  Stalker  
  40  3:42  Forge  
  40  3:55  Oracle  
  40  3:58  Probe (Chrono Boost)  
  40  3:59  Probe (Chrono Boost)  
  45  4:15  Probe (Chrono Boost)  
  46  4:23  Assimilator  
  46  4:25  Gateway  
  46  4:29  Pylon, Assimilator  
  46  4:30  Pylon  
  46  4:33  Stalker, Sentry  
  48  4:57  Pylon  
  46  5:12  Phoenix  
  47  5:33  Twilight Council  
  47  5:36  Forge  
  47  5:37  Probe x2 (Chrono Boost)  
  47  5:38  Pylon  
  47  5:39  Stalker x2  
  53  5:47  Probe x2 (Chrono Boost)  
  55  5:58  Probe x2 (Chrono Boost)  
  55  6:03  Protoss Ground Armor Level 1  
  57  6:08  Probe x2 (Chrono Boost)  
  59  6:13  Protoss Ground Weapons Level 1  
  59  6:18  Charge (Chrono Boost)  
  59  6:19  Probe x2 (Chrono Boost)  
  61  6:29  Probe x2 (Chrono Boost)  
  58  6:40  Stalker  
  58  6:41  Stalker x2  
  64  7:02  Void Ray  
  68  7:15  Zealot  
  68  7:16  Zealot x2  
  74  7:23  Probe x2  
  74  7:28  Photon Cannon  
  76  7:31  Photon Cannon  
  76  7:33  Photon Cannon  
  76  7:37  Zealot x2  
  76  7:38  Pylon  
  76  7:44  Pylon  
  80  7:49  Zealot  
  79  8:04  Zealot  
  81  8:09  Gateway  
  81  8:12  Zealot  
  81  8:14  Gateway  
  71  8:25  Zealot  
  53  8:31  Zealot  
  49  8:36  Probe  
  49  8:37  Probe  
  51  8:49  Probe  
  51  8:54  Zealot x2  
  31  9:15  Zealot x3  
  19  9:18  Void Ray (Chrono Boost)  
  19  9:23  Mothership Core  
  18  9:34  Zealot  
  18  9:35  Zealot x2  
  18  9:57  Probe x2  
  20  10:13  Zealot x2  
  23  10:14  Zealot  
Tags
 
Add a new tag
Caveats
  • Supply blocks, unpowered buildings, or Contaminate may cause inaccurate times.
  • Supply counts are checked every 10 seconds.